Map: Lerilak Crest

Players

MorN

  • Race: Terran Terran
  • League: Diamond

Blinky - Winner!

  • Race: Protoss Protoss
  • League: Master

VOD

Have the link to the VOD?

Description

Time

  • Played on: Nov. 17, 2015, 2:25 a.m.
  • Length: 5:49
Show
View Real Time Build Order
Export as new Build Order

MorN Terran 

Build Orders:  

Get SALT Encoding   

  12  0:00  SCV  
  13  0:13  SCV  
  14  0:17  Supply Depot  
  14  0:25  SCV  
  15  0:38  SCV  
  15  0:40  Barracks  
  16  0:45  Refinery  
  16  0:53  SCV  
  17  1:16  SCV  
  18  1:28  Marine  
  18  1:30  Orbital Command  
  19  1:40  Command Center  
  19  1:46  Marine  
  20  1:58  SCV  
  20  1:59  Factory  
  21  2:07  Supply Depot  
  21  2:10  Marine  
  21  2:13  SCV  
  23  2:28  Marine  
  24  2:31  SCV  
  25  2:43  SCV  
  26  2:46  Marine  
  26  2:53  Orbital Command  
  26  2:54  Factory Tech Lab  
  26  2:57  SCV  
  27  3:03  Bunker  
  27  3:04  Marine  
  28  3:09  SCV  
  26  3:25  Orbital Command  
  26  3:26  Cyclone  
  27  3:30  SCV  
  27  3:36  Marine  
  28  3:42  SCV, Barracks x2  
  29  3:49  Refinery  
  27  3:59  Cyclone  
  29  4:08  Marine  
  29  4:09  SCV  
  30  4:21  SCV  
  31  4:29  Orbital Command  
  31  4:37  Cyclone  
  34  4:47  SCV  
  35  5:02  Supply Depot  
  35  5:04  Supply Depot x2  
  30  5:16  Marine  
  30  5:20  SCV  
  30  5:21  SCV  
  30  5:22  Marine  
Show
View Real Time Build Order
Export as new Build Order

Blinky Protoss - Winner!

Build Orders: Oracle Opening 

Get SALT Encoding   

  12  0:01  Probe (Chrono Boost)  
  13  0:12  Pylon  
  13  0:17  Probe (Chrono Boost)  
  14  0:28  Probe (Chrono Boost)  
  15  0:33  Gateway  
  15  0:39  Probe (Chrono Boost)  
  16  0:44  Assimilator  
  16  0:50  Probe (Chrono Boost)  
  16  0:53  Assimilator  
  17  1:00  Probe (Chrono Boost)  
  18  1:11  Probe (Chrono Boost)  
  19  1:20  Pylon  
  19  1:21  Probe (Chrono Boost)  
  19  1:24  Cybernetics Core  
  20  1:32  Probe (Chrono Boost)  
  21  1:36  Zealot (Chrono Boost)  
  23  1:44  Probe  
  23  2:03  Mothership Core (Chrono Boost), Warp Gate  
  23  2:04  Adept  
  27  2:18  Stargate  
  27  2:22  Pylon  
  27  2:31  Stalker  
  29  2:44  Gateway  
  29  2:54  Pylon  
  29  3:04  Oracle (Chrono Boost)  
  32  3:14  Pylon  
  30  3:27  Pylon  
  30  3:43  Gateway  
  30  3:44  Gateway  
  30  3:46  Pylon  
  30  3:47  Pylon  
  30  4:16  Gateway  
  30  4:23  Stalker  
  32  4:24  Stalker  
  32  4:40  Oracle (Chrono Boost)  
  35  5:08  Stalker x2  
  35  5:09  Stalker x2  
  38  5:26  Pylon  
  36  5:29  Adept  
  36  5:32  Adept x2  
Tags
 
Add a new tag
Caveats
  • Supply blocks, unpowered buildings, or Contaminate may cause inaccurate times.
  • Supply counts are checked every 10 seconds.